 Seeded DCSS version 0.31-a0-1178-gc5c9b8f (webtiles) character file.

Game seed: 5008648293111384844 (custom seed)

70893 PurpleRed the Devastator (level 15, -8/99 HPs)
             Began as a Hill Orc Hedge Wizard on Dec 11, 2023.
             Was the Champion of Vehumet.
             Hit by a large rock thrown by a stone giant (52 damage)
             ... on level 1 of the Orcish Mines.
             The game lasted 01:31:07 (24629 turns).

PurpleRed the Devastator (Hill Orc Hedge Wizard)   Turns: 24629, Time: 01:31:08

Health: -8/99      AC: 13    Str: 15    XL:     15   Next: 34%
Magic:  14/40      EV: 11    Int: 20    God:    Vehumet [******]
Gold:   1311       SH:  0    Dex: 10    Spells: 17/38 levels left

rFire   + . .        a - staff of conjuration
rCold   . . .        (no shield)
rNeg    . . .        Y - +0 acid dragon scales
rPois   .            M - +2 hat
rElec   .            e - scarf {harm}
rCorr   +            Z - +2 pair of gloves
SInv    .            E - +1 pair of boots
Will    +....        Q - amulet of regeneration
Stlth   +            G - ring of protection from fire
HPRegen 1.16/turn    B - ring of magical power
MPRegen 0.27/turn

%: harm (+30% outgoing, +20% incoming)
@: no status effects
A: no striking features
a: Renounce Religion


You were on level 1 of the Orcish Mines.
You worshipped Vehumet.
Vehumet was exalted by your worship.
You visited 4 branches of the dungeon, and saw 21 of its levels.
You also visited: Sewer and Volcano.

You collected 2565 gold pieces.
You spent 1254 gold pieces at shops.

Inventory:

Hand Weapons
 b - a +8 short sword of protection
 u - a +5 falchion of protection
Missiles
 I - 5 curare-tipped darts
 J - 2 throwing nets
 O - 32 poisoned darts
Armour
 e - a scarf of harm (worn)
 l - a +0 troll leather armour {Pargi}
 p - a +2 robe of fire resistance
 y - the +0 robe of Pessimism {rF++ MP-9}
   (You bought it in a shop on level 10 of the Dungeon)

   rF++:      It greatly protects you from fire.
   MP-9:      It affects your magic capacity (-9).
 E - a +1 pair of boots (worn)
 M - a +2 hat (worn)
 V - a +2 leather armour of cold resistance
 Y - +0 acid dragon scales (worn)
 Z - a +2 pair of gloves (worn)
Magical Staves
 a - a staff of conjuration (weapon)
 T - a staff of cold
Jewellery
 m - a ring of positive energy
 B - a ring of magical power (right hand)
 F - a ring of fire
 G - a ring of protection from fire (left hand)
 L - a ring of wizardry
 Q - an amulet of regeneration (around neck)
 S - a ring of resist corrosion
Wands
 g - a wand of charming (28)
 k - a wand of flame (26)
 w - a wand of polymorph (8)
 z - a wand of mindburst (5)
 C - a wand of roots (16)
Scrolls
 h - 6 scrolls of teleportation
 q - 2 scrolls of blinking
 t - 4 scrolls of fog
 v - a scroll of poison
 K - 2 scrolls of immolation
 U - a scroll of butterflies
 W - 2 scrolls of fear
 X - 2 scrolls of vulnerability
Potions
 c - 3 potions of brilliance
 d - 2 potions of magic
 f - a potion of haste
 i - 2 potions of heal wounds
 j - a potion of curing
 n - 2 potions of resistance
 o - 6 potions of enlightenment
 s - 2 potions of cancellation
 A - 4 potions of mutation
 D - 3 potions of ambrosia
 H - 6 potions of berserk rage
 N - 5 potions of might
 P - 4 potions of invisibility
 R - 2 potions of lignification {unknown}
Miscellaneous
 r - a phial of floods
 x - a condenser vane


   Skills:
 - Level 1.5 Dodging
 - Level 1.5 Stealth
 - Level 12.0 Spellcasting
 - Level 16.0 Conjurations
 - Level 4.0 Hexes
 - Level 3.0 Summonings
 - Level 3.0 Translocations
 + Level 15.7 Fire Magic


You had 17 spell levels left.
You knew the following spells:

 Your Spells              Type           Power      Damage    Failure   Level
a - Magic Dart            Conj           100%       1d8       0%          1
b - Call Imp              Summ           48%        N/A       3%          2
c - Fulminant Prism       Conj/Hex       33%        3d16      1%          4
d - Iskenderun's Mystic   Conj/Tloc      66%        2d14      1%          4
e - Summon Guardian Gole  Hex/Summ       26%        N/A       5%          3
f - Mephitic Cloud        Conj/Pois/Air  49%        N/A       1%          3
g - Sticky Flame          Conj/Fire      85%        2d10      1%          4

Your spell library contained the following spells:

 Spells                   Type           Power      Damage    Failure   Level
 Starburst                Conj/Fire      42%        6d12      1%          6
 Kiss of Death            Conj/Necr      100%       2d13      1%          1
 Shock                    Conj/Air       100%       1d9       1%          1
 Slow                     Hex            100%       N/A       1%          1
 Hailstorm                Conj/Ice       60%        3d11      1%          3
 Ignite Poison            Fire/Tmut/Pois 32%        N/A       1%          3
 Volatile Blastmotes      Fire/Tloc      98%        2d18      1%          3
 Apportation              Tloc           48%        N/A       2%          1
 Summon Small Mammal      Summ           96%        N/A       2%          1
 Jinxbite                 Hex            56%        N/A       2%          2
 Blink                    Tloc           48%        N/A       3%          2
 Confusing Touch          Hex            28%        N/A       4%          3
 Sigil of Binding         Hex            28%        N/A       4%          3
 Call Canine Familiar     Summ           24%        N/A       7%          3
 Cigotuvi's Dreadful Rot  Necr/Pois/Air  24%        N/A       12%         2
 Airstrike                Air            6%         2d(1-17)  21%         4
 Ignition                 Fire           33%        3d10      21%         8
 Swiftness                Air            12%        N/A       24%         3
 Vampiric Draining        Necr           12%        2d6       24%         3
 Summon Ice Beast         Ice/Summ       18%        N/A       38%         4
 Dispel Undead            Necr           12%        3d9       61%         4
 Alistair's Intoxication  Tmut/Pois      8%         N/A       91%         5
 Simulacrum               Ice/Necr       6%         N/A       100%        6


Dungeon Overview and Level Annotations

Branches:
Dungeon (14/15)            Temple (1/1) D:4            Lair (5/5) D:10
 Shoals (0/4) Lair:3       Spider (0/4) Lair:3        Slime (0/5) Lair:4
    Orc (1/2) D:9           Sewer (visited)         Volcano (visited)
 Vaults: D:13-14

Altars:
Ashenzari
Cheibriados
Dithmenos
Elyvilon
Fedhas
Gozag
Hepliaklqana
Kikubaaqudgha
Makhleb
Nemelex Xobeh
Okawaru
Qazlal
Ru
Sif Muna
Trog
Uskayaw
Vehumet
Wu Jian
Xom
Yredelemnul
Zin
The Shining One
Jiyva

Shops:
D:2 ??(:   D:8 (   D:10 [([?

Portals:
Trove: D:14 (give robe of Clouds)

Annotations:
D:9 4 transporters
D:10 3 runed translucent doors, Vixxxy's ghost, journeyman NaGl


Message History

You conjure a prism of explosive energy!
A fulminant prism comes into view.
The stone giant throws a large rock.
The large rock hits you!
Your fulminant prism crackles loudly.
There is an open door here.
Items here: ( )) [ ÷.
Your fulminant prism explodes!
The blast of energy engulfs the stone giant!
The stone giant is moderately wounded.
Casting: Fulminant Prism (safe; 1% risk of failure)
Confirm with . or Enter, or press ? or * to list all spells.
Aiming: Fulminant Prism (safe; 1% risk of failure)
Press: ? - help, Dir - move target You feel a surge of power!
You conjure a prism of explosive energy!
A fulminant prism comes into view.
Your fulminant prism crackles loudly.
Things that are here:
a +2 broad axe of electrocution; an orc corpse Your fulminant prism explodes!
The blast of energy engulfs the stone giant!!
The stone giant is almost dead.
You hear a shout!
Things that are here:
4 large rocks; a cyclops corpse The stone giant throws a large rock.
The large rock hits you!!!
Ouch! That really hurt!
Things that are here:
3 large rocks; a cyclops skeleton
Casting: Fulminant Prism (safe; 1% risk of failure)
Confirm with . or Enter, or press ? or * to list all spells.
Aiming: Fulminant Prism (safe; 1% risk of failure)
Press: ? - help, Dir - move target You feel a surge of power!
You conjure a prism of explosive energy!
A fulminant prism comes into view.
As you read the scroll of fog, it dissolves into smoke.
The stone giant throws a large rock.
The large rock hits you!!!
Ouch! That really hurt!
You die...

######## #######################
.......####*...§§§.#.............
......)'.)C.)((§@§.'.............
.......####...§§§§§#.............
.......# ####'#####.............
.......' #.##############'###
.......# #..........('.......
.......# #############.......
######## ####.####.....(.
##.......#.......
##P.......#.......


You could see a stone giant (ally target) and a friendly fulminant prism.

Vanquished Creatures
  Gastronok (Orc:1)
  2 ettins (Orc:1)
  A fire dragon (Volcano)
  Josephine (Lair:4)
  4 hydras
  A catoblepas (Lair:4)
  3 two-headed ogres
  2 boulder beetles
  A tengu warrior (D:11)
  3 death yaks (Lair:1)
  Nergalle (D:10)
  A deep elf knight (D:10)
  A fire crab (D:10)
  2 goliath frogs (Lair:5)
  3 skysharks
  Lodul (D:9)
  An orc knight (Orc:1)
  Pikel (D:4)
  3 lindwurms
  A deep elf pyromancer (D:12)
  An ugly thing (D:12)
  11 cyclopes (Orc:1)
  A manticore (D:13)
  16 elephants
  2 black mambas
  4 kobold demonologists (D:10)
  2 gargoyles
  20 cane toads
  A rime drake (Lair:3)
  Psyche (D:10)
  6 komodo dragons
  3 meliai (D:13)
  2 tyrant leeches (Lair:5)
  3 merfolk (Lair:3)
  4 polar bears
  2 trolls
  7 dream sheep (Lair:2)
  24 blink frogs
  2 shadows
  A vampire (D:11)
  8 wraiths
  45 yaks
  3 wyverns
  5 steam dragons
  2 basilisks
  12 vampire mosquitoes
  Edmund (D:4)
  7 wargs
  An acid dragon (D:12)
  14 water moccasins
  A hell hound (Volcano)
  6 orc warriors
  An ice beast (D:6)
  11 ogres
  3 centaurs
  8 wolves
  2 kobold brigands
  A brain worm (Sewer)
  13 bullfrogs
  6 scorpions
  11 wights
  5 killer bees (D:11)
  A howler monkey (D:12)
  2 electric eels
  5 hounds
  16 orc priests
  5 iguanas
  3 sleepcaps
  Natasha (thrice) (D:2)
  15 orc wizards
  Robin (D:3)
  7 adders
  A white imp (D:5)
  4 ufetubi (D:6)
  2 worms
  44 orcs
  3 bats
  4 endoplasms (D:1)
  7 giant cockroaches
  A hobgoblin (D:3)
  6 jackals
  4 quokkas (D:4)
  6 ball pythons
  4 frilled lizards
  10 goblins
  12 kobolds
  5 rats
484 creatures vanquished.

Vanquished Creatures (collateral kills)
  A yak (D:7)
  Pargi (Sewer)
  2 centaurs
  A lemure (D:4)
  A kobold brigand (D:9)
  A scorpion (D:5)
  A jelly (D:5)
  3 adders
  A worm (D:2)
  A dart slug (D:4)
  4 orcs
  2 bats (D:1)
  2 endoplasms (D:1)
  2 giant cockroaches
  3 goblins
  5 hobgoblins
  A jackal (D:1)
  6 kobolds
  2 quokkas
  4 ball pythons
  2 frilled lizards
  A rat (D:2)
47 creatures vanquished.

Vanquished Creatures (others)
  A boulder beetle (D:12)
  Joseph (D:10)
  A troll (D:10)
  Sigmund (D:6)
  A yak (D:8)
  A water moccasin (D:4)
  A black bear (D:5)
  7 ogres
  2 lemures (D:4)
  2 scorpions (D:4)
  3 wights (D:9)
  A jelly (D:7)
  2 iguanas (D:5)
  2 orc wizards
  An adder (D:4)
  2 orcs (D:4)
  A ball python (D:4)
  An endoplasm (D:4)
  A hobgoblin (D:4)
  328 fulminant prisms
360 creatures vanquished.

Grand Total: 891 creatures vanquished

Notes
Turn   | Place    | Note
-------+----------+-------------------------------------------
     0 | D:1      | PurpleRed the Hill Orc Hedge Wizard began the quest for the
                  | Orb.
     0 | D:1      | Reached XP level 1. HP: 14/14 MP: 3/3
   228 | D:1      | Reached XP level 2. HP: 20/20 MP: 1/5
   269 | D:1      | Learned a level 2 spell: Call Imp
   421 | D:1      | Reached skill level 2 in Conjurations
   673 | D:1      | Reached XP level 3. HP: 15/26 MP: 3/6
  1199 | D:2      | Reached XP level 4. HP: 33/33 MP: 8/8
  1244 | D:2      | Found Nigownot's Book Shoppe.
  1303 | D:2      | Found Ydiolalo's Magic Scroll Boutique.
  1378 | D:2      | Found Biluocw's Weapon Boutique.
  1619 | D:2      | Found Cofowusk's Magic Scroll Boutique.
  1734 | D:2      | Noticed Natasha
  1739 | D:2      | Killed Natasha
  1740 | D:2      | Reached skill level 3 in Conjurations
  1900 | D:3      | Found a white marble altar of Elyvilon.
  1973 | D:3      | Reached XP level 5. HP: 23/38 MP: 1/9
  2025 | D:3      | Found a glowing drain.
  2109 | Sewer    | Entered a sewer
  2148 | Sewer    | Reached skill level 4 in Conjurations
  2253 | Sewer    | Noticed a kobold brigand
  2263 | Sewer    | Killed a kobold brigand
  2264 | Sewer    | Reached XP level 6. HP: 45/45 MP: 8/11
  2298 | Sewer    | Noticed Pargi
  2318 | Sewer    | Killed Pargi
  2319 | Sewer    | Reached skill level 5 in Conjurations
  2431 | D:3      | Learned a level 3 spell: Mephitic Cloud
  2566 | D:3      | Noticed Robin
  2630 | D:3      | Killed Robin
  3053 | D:3      | Noticed Ijyb
  3054 | D:3      | Ijyb changed into Ijyb the steam dragon
  3054 | D:3      | Noticed Ijyb
  3076 | D:3      | Killed Ijyb the steam dragon
  3077 | D:3      | Reached skill level 1 in Hexes
  3077 | D:3      | Reached XP level 7. HP: 46/50 MP: 12/12
  3088 | D:3      | Learned a level 3 spell: Summon Guardian Golem
  3293 | D:4      | Found a staircase to the Ecumenical Temple.
  3308 | D:4      | Reached skill level 6 in Conjurations
  3346 | Temple   | Entered the Ecumenical Temple
  3363 | Temple   | Became a worshipper of Vehumet
  3406 | D:4      | Noticed Pikel
  3437 | D:4      | Killed Pikel
  3438 | D:4      | Reached skill level 7 in Conjurations
  3438 | D:4      | Reached XP level 8. HP: 56/57 MP: 4/14
  3731 | D:4      | Noticed Edmund
  3748 | D:4      | Killed Edmund
  3935 | D:4      | Reached * piety under Vehumet
  3935 | D:4      | Offered knowledge of Freeze by Vehumet.
  3936 | D:4      | Reached skill level 8 in Conjurations
  4199 | D:2      | Bought a book of Blasting for 364 gold pieces
  4204 | D:2      | Learned a level 4 spell: Fulminant Prism
  4406 | D:5      | Entered Level 5 of the Dungeon
  4510 | D:5      | Found a glowing golden altar of the Shining One.
  4932 | D:5      | Reached skill level 5 in Spellcasting
  4932 | D:5      | Reached XP level 9. HP: 62/62 MP: 8/16
  5552 | D:5      | Found a shimmering altar of Xom.
  6235 | D:6      | Found an ornate altar of the Wu Jian Council.
  6278 | D:6      | Reached ** piety under Vehumet
  6278 | D:6      | Offered knowledge of Poisonous Vapours by Vehumet.
  6279 | D:6      | Reached skill level 9 in Conjurations
  6460 | D:6      | Noticed Sigmund
  6535 | D:6      | Killed Sigmund
  6982 | D:7      | Found a hide-covered altar of Uskayaw.
  7014 | D:7      | Noticed a +0 dagger
  7014 | D:7      | Noticed a +3 hand axe
  7028 | D:7      | Reached skill level 1 in Translocations
  7129 | D:6      | Learned a level 4 spell: Iskenderun's Mystic Blast
  7136 | D:7      | Reached skill level 1 in Fire Magic
  7247 | D:6      | Reached skill level 10 in Conjurations
  7339 | D:6      | Reached XP level 10. HP: 53/69 MP: 2/18
  8625 | D:8      | Found Fesuenn's Weapon Emporium.
  8959 | D:8      | Offered knowledge of Ignite Poison by Vehumet.
  9012 | D:8      | Found a stormy altar of Qazlal.
  9698 | D:9      | Found a transporter.
  9701 | D:9      | Found a transporter.
  9766 | D:9      | Noticed a two-headed ogre
  9830 | D:9      | Found a transporter.
  9831 | D:9      | Found a transporter.
  9884 | D:9      | Reached *** piety under Vehumet
 10106 | D:9      | Found a transporter.
 10124 | D:9      | Reached skill level 11 in Conjurations
 10332 | D:9      | Found a staircase to the Orcish Mines.
 10343 | D:9      | Found a transporter.
 10350 | D:9      | Found an iron altar of Okawaru.
 10709 | D:9      | Killed a two-headed ogre
 10837 | D:10     | Entered Level 10 of the Dungeon
 10843 | D:10     | Noticed Joseph
 10881 | D:10     | Found Fagaw's Magic Scroll Boutique.
 10882 | D:10     | Found Fiewk's Antique Armour Emporium.
 10928 | D:10     | Noticed Nergalle
 11167 | D:2      | Noticed Natasha
 11174 | D:2      | Killed Natasha
 11199 | D:2      | Noticed Natasha
 11202 | D:2      | Killed Natasha
 11214 | D:2      | Bought a scroll of acquirement for 520 gold pieces
 11227 | D:2      | Acquired a staff of conjuration
 11445 | D:10     | Found Ywkucil's Antique Armour Emporium.
 11475 | D:10     | Offered knowledge of Sticky Flame by Vehumet.
 11476 | D:10     | Reached XP level 11. HP: 74/74 MP: 11/21
 11477 | D:10     | Noticed Psyche
 11500 | D:10     | Reached skill level 12 in Conjurations
 11530 | D:10     | Killed Psyche
 11590 | D:10     | Found a burning altar of Makhleb.
 11600 | D:10     | Found a transporter.
 11607 | D:10     | Noticed a fire crab
 11611 | D:10     | Noticed a deep elf knight
 11617 | D:10     | Found Diged's Antique Weapon Shoppe.
 11624 | D:10     | Found a transporter.
 11730 | D:10     | Killed Joseph
 11909 | D:10     | Noticed Lodul
 12009 | D:9      | Learned a level 4 spell: Sticky Flame
 12199 | D:9      | Killed Lodul
 12414 | D:10     | Found a staircase to the Lair.
 12509 | D:10     | Reached skill level 13 in Conjurations
 12915 | D:2      | Bought a scroll of teleportation for 30 gold pieces
 13074 | D:11     | Noticed a boulder beetle
 13109 | D:10     | Found a runed translucent gate.
 13109 | D:10     | Found a runed translucent gate.
 13110 | D:10     | Found a runed translucent gate.
 13111 | D:10     | Noticed Vixxxy's ghost (journeyman NaGl)
 13162 | D:10     | Killed Nergalle
 13436 | D:10     | Found a viscous altar of Jiyva.
 13774 | D:2      | Bought a scroll of teleportation for 30 gold pieces
 13774 | D:2      | Bought a scroll of teleportation for 30 gold pieces
 13942 | D:11     | Noticed a two-headed ogre
 13982 | D:11     | Killed a two-headed ogre
 14069 | D:11     | Noticed a two-headed ogre
 14080 | D:11     | Killed a two-headed ogre
 14355 | D:11     | Noticed a tengu warrior
 14375 | D:11     | Killed a tengu warrior
 14375 | D:11     | Reached **** piety under Vehumet
 14376 | D:11     | Reached skill level 14 in Conjurations
 14447 | D:11     | Noticed a hell knight
 14447 | D:11     | Noticed an ogre mage
 14448 | D:11     | Noticed a deep elf pyromancer
 14449 | D:11     | Noticed a centaur warrior
 14452 | D:11     | Noticed a skeletal warrior
 14453 | D:11     | Noticed a centaur warrior
 14463 | D:11     | Identified the ring "Faul" {Fire rN++ Str+3 Int+2}
 14501 | D:12     | Noticed a deep elf pyromancer
 14509 | D:12     | Killed a deep elf pyromancer
 14509 | D:12     | Offered knowledge of Frozen Ramparts by Vehumet.
 14510 | D:12     | Reached XP level 12. HP: 80/81 MP: 14/24
 14646 | D:12     | Noticed a boulder beetle
 15053 | D:12     | Killed a boulder beetle
 15184 | D:13     | Noticed a six-headed hydra
 15193 | D:13     | Killed a six-headed hydra
 15200 | D:13     | Reached skill level 15 in Conjurations
 16035 | Lair:1   | Entered Level 1 of the Lair of Beasts
 16074 | D:10     | Killed a boulder beetle
 16215 | D:10     | Killed a deep elf knight
 16216 | D:10     | Reached skill level 5 in Fire Magic
 16365 | D:10     | Bought a scroll of blinking for 75 gold pieces
 16365 | D:10     | Bought a scroll of butterflies for 40 gold pieces
 16382 | D:10     | Bought an ancient robe for 165 gold pieces
 16382 | D:10     | Identified the +0 robe of Pessimism {rF++ MP-9} (You bought
                  | it in a shop on level 10 of the Dungeon)
 16536 | Lair:1   | Noticed a death yak
 16545 | Lair:1   | Killed a death yak
 16876 | Lair:1   | Reached XP level 13. HP: 80/86 MP: 26/26
 16878 | Lair:1   | Reached ***** piety under Vehumet
 17609 | Lair:2   | Offered knowledge of Plasma Beam by Vehumet.
 17990 | Lair:2   | Reached skill level 16 in Conjurations
 18003 | Lair:2   | Reached skill level 10 in Spellcasting
 19089 | Lair:3   | Reached skill level 10 in Fire Magic
 19107 | Lair:3   | Reached XP level 14. HP: 93/93 MP: 29/29
 19293 | Lair:3   | Found a hole to the Spider Nest.
 20029 | Lair:3   | Found a staircase to the Shoals.
 20154 | Lair:4   | Noticed Josephine
 20832 | Lair:4   | Killed Josephine
 21078 | Lair:4   | Found a staircase to the Slime Pits.
 21084 | Lair:4   | Found a viscous altar of Jiyva.
 21613 | Lair:5   | Entered Level 5 of the Lair of Beasts
 21728 | Lair:5   | Reached ****** piety under Vehumet
 21880 | Lair:5   | Offered knowledge of Orb of Destruction by Vehumet.
 22116 | Lair:5   | Found a dark tunnel.
 22125 | Volcano  | Entered a volcano
 22771 | Lair:5   | Reached XP level 15. HP: 99/99 MP: 31/31
 23314 | D:14     | Found a portal to a secret trove of treasure.
 23430 | Orc:1    | Entered Level 1 of the Orcish Mines
 23551 | Orc:1    | Noticed Gastronok
 23574 | Orc:1    | Killed Gastronok
 23782 | Orc:1    | Reached skill level 15 in Fire Magic
 24202 | Orc:1    | Offered knowledge of Starburst by Vehumet.
 24629 | Orc:1    | Hit by a large rock thrown by a stone giant

Illustrated notes

Levels and vault maps discovered:
D:1:      onia_arrival_mini_spirals, layout_rooms, minmay_indecisive_spiral
D:2:      layout_basic, serial_shops, nicolae_shop_gibbet_a_chance, shop, shop,
          nicolae_shop_real_fake_doors, uniq_natasha
D:3:      layout_loops_ring, mainiacjoe_overflow_brackets, portal_sewer_entry_d,
          uniq_robin, uniq_ijyb
D:4:      minmay_polygon_palace, layout_rooms, minmay_temple_entry_trees,
          uniq_pikel, uniq_edmund
D:5:      layout_basic, tso_altar, xom_confusion_cloud
D:6:      layout_basic, kennysheep_mini_moat, uniq_sigmund
D:7:      layout_rooms, dancing_weapons_uskayaw
D:8:      layout_basic, nicolae_qazlal_general_emergency, serial_shops, shop
D:9:      layout_loops_ring, mainiacjoe_overflow_small_starburst, orc_0_dummy,
          minmay_door_square, serial_nicolae_subway,
          nicolae_sub_station_crystal, nicolae_sub_station_stone,
          nicolae_sub_station_metal
D:10:     gammafunk_wand_slinger, layout_basic, mainiacjoe_overflow_catwalk,
          erik_lair_orcish_takeover, serial_shops, shop, shop,
          nicolae_shop_window_shopping, nicolae_shop_tiny_waterfront,
          gammafunk_ghost_ooze, bh_walls_and_bars, uniq_joseph, uniq_psyche,
          uniq_lodul, uniq_nergalle
D:11:     layout_cross, onia_ninara_dug_in_and_dangerous
D:12:     layout_rooms
D:13:     layout_gridville
D:14:     layout_basic, david_vaults_3, gammafunk_ghost_hydra_chop,
          trove_entry_hex_spiral, serial_shops, shop, minivault_23
Temple:   eino_temple_water
Lair:1:   layout_cave_pods, lemuel_fruit_tree
Lair:2:   layout_small_grid, grunt_megastairs_2
Lair:3:   layout_chaotic_city, mainiacjoe_shoals_entry_four_pools,
          nicolae_spider_entry_non_spiders
Lair:4:   layout_hall_layers, dpeg_slime_entry_corner, uniq_josephine
Lair:5:   minmay_lair_end_frog_pond, layout_cave_shapes,
          nicolae_volcano_entry_lava_flow, serial_bayou_shore_b,
          infiniplex_staircase_pool_2
Orc:1:    giant_chief_lemuel, layout_diamond_mine, nicolae_orc_stony_grotto,
          uniq_gastronok

Skill      XL: |  1  2  3  4  5  6  7  8  9 10 11 12 13 14 15 |
---------------+----------------------------------------------+-----
Conjurations   | 2 3 4 5 7 8 10 11 14 15 16 | 16.0
Summonings     | 2 3 |  3.0
Spellcasting   | 3 4 5 6 8 9 11 12 | 12.0
Hexes          | 1 2 3 4 |  4.0
Translocations | 2 3 |  3.0
Fire Magic     | 2 4 6 10 14 15 | 15.7
Dodging        | |  1.5
Stealth        | |  1.5

Action                     |  1- 3 |  4- 6 |  7- 9 | 10-12 | 13-15 || total
---------------------------+-------+-------+-------+-------+-------++-------
  Melee: Dagger            |    62 |       |       |       |       ||    62
         Short sword       |    39 |   116 |   171 |   129 |    16 ||   471
         Punch             |       |     1 |     2 |       |       ||     3
         Staff             |       |       |       |    22 |    13 ||    35
  Throw: Dart              |       |     1 |       |    14 |     2 ||    17
   Cast: Magic Dart        |    16 |    20 |     9 |    10 |     4 ||    59
         Call Imp          |    15 |    26 |    27 |    12 |       ||    80
         Mephitic Cloud    |       |     1 |       |       |       ||     1
         Summon Guardian G |       |       |    18 |    22 |     1 ||    41
         Fulminant Prism   |       |       |    29 |   110 |   190 ||   329
         Iskenderun's Myst |       |       |     9 |    83 |   139 ||   231
         Sticky Flame      |       |       |       |     1 |     3 ||     4
  Evoke: Wand              |       |     4 |     6 |     5 |     3 ||    18
    Use: Scroll            |       |     4 |    11 |     9 |    12 ||    36
         Potion            |       |     1 |       |     4 |     3 ||     8
   Stab: Sleeping          |       |     1 |     2 |       |       ||     3
         Confused          |       |     2 |       |       |       ||     2
         Distracted        |       |       |     1 |       |       ||     1
 Armour: Robe              |    56 |    79 |   123 |    29 |       ||   287
         Steam dragon scal |       |       |       |   161 |       ||   161
         Troll leather arm |       |       |       |     9 |       ||     9
         Acid dragon scale |       |       |       |    20 |   135 ||   155
         Ring mail         |       |       |       |       |     4 ||     4
  Dodge: Dodged            |    81 |    51 |   108 |   139 |    75 ||   454
  Block: Other             |       |       |    10 |    12 |       ||    22

Table legend: (Time is in decaauts)
 A = Elapsed time spent in this place.
 B = Non-inter-level travel time spent in this place.
 C = Inter-level travel time spent in this place.
 D = Time resting spent in this place.
 E = Time spent auto-exploring this place.
 F = Levels seen in this place.
 G = Mean time per level.
                   A        B        C        D        E       F      G
               +--------+--------+--------+--------+--------+-----+--------+
         Total |  24816 |  22512 |   2304 |   2866 |  13390 |  23 | 1079.0 |
       Dungeon |  16503 |  14583 |   1920 |   2389 |   8100 |  14 | 1178.8 |
        Temple |     34 |     18 |     16 |      0 |      0 |   1 |   34.0 |
          Lair |   6545 |   6178 |    367 |    341 |   4491 |   5 | 1309.0 |
  Orcish Mines |   1067 |   1067 |      0 |     64 |    583 |   1 | 1067.0 |
         Sewer |    242 |    242 |      0 |     16 |      0 |   1 |  242.0 |
       Volcano |    423 |    423 |      0 |     56 |    215 |   1 |  423.0 |
               +--------+--------+--------+--------+--------+-----+--------+

Top non-repeatable levels by time:
     D:9: 2118 daAuts
    D:10: 2009 daAuts
     D:5: 1854 daAuts
  Lair:4: 1498 daAuts
     D:8: 1471 daAuts
     D:6: 1391 daAuts
  Lair:1: 1373 daAuts
  Lair:2: 1369 daAuts
  Lair:3: 1264 daAuts
     D:4: 1218 daAuts
     D:3: 1131 daAuts
     D:2: 1130 daAuts
   Orc:1: 1067 daAuts
  Lair:5: 1040 daAuts
     D:1: 1028 daAuts
